 Dungeon Crawl Stone Soup version 0.29-a0-352-g0917bc69df (webtiles) character file.

Game seed: 13588224237341786866

16072 Dauddaud the Severer (level 12, -15/135 HPs)
             Began as a Minotaur Berserker on Apr 24, 2022.
             Was a Priest of Trog.
             Demolished by Urug
             ... wielding a +2 double sword of protection
              (42 damage)
             ... on level 12 of the Dungeon.
             The game lasted 00:20:56 (17435 turns).

Dauddaud the Severer (Minotaur Berserker)          Turns: 17435, Time: 00:20:57

Health: -15/135    AC: 14    Str: 25    XL:     12   Next: 6%
Magic:  11/11      EV:  7    Int:  4    God:    Trog [***...]
Gold:   574        SH:  0    Dex: 12    Spells: 11/11 levels left

rFire   . . .      SeeInvis +   m - +0 battleaxe
rCold   . . .      Faith    .   (shield currently unavailable)
rNeg    + . .      Spirit   .   g - +0 plate armour
rPois   .          Reflect  .   s - +1 hat
rElec   .          Harm     .   z - +0 cloak
rCorr   .          Rampage  .   o - +0 pair of gloves
Will    .....                   (no boots)
Stlth   ..........              (no amulet)
HPRegen 0.32/turn               l - ring of positive energy
MPRegen 0.12/turn               y - ring of see invisible

@: berserking, very quick
A: horns 2, retaliatory headbutt
a: Renounce Religion, Berserk, Trog's Hand


You were on level 12 of the Dungeon.
You worshipped Trog.
Trog was most pleased with you.
You visited 1 branch of the dungeon, and saw 12 of its levels.

You collected 763 gold pieces.
You spent 189 gold pieces at shops.

Inventory:

Hand Weapons
 a - a +0 hand axe
 m - a +0 battleaxe (weapon)
 p - a +2 scimitar of flaming
Missiles
 L - 4 throwing nets (quivered)
Armour
 b - a +0 animal skin
 d - a +0 ring mail
 g - a +0 plate armour (worn)
 o - a +0 pair of gloves (worn)
 s - a +1 hat (worn)
 z - a +0 cloak (worn)
 A - a +1 ring mail of poison resistance
Jewellery
 l - a ring of positive energy (left hand)
 x - a ring of poison resistance
 y - a ring of see invisible (right hand)
 D - a ring of fire
 H - a ring of protection from fire
 O - a ring of fire
 S - the amulet of the Air {Inacc Air Fly rElec RMsl}
   (You took it off an orc warrior on level 11 of the Dungeon)

   [amulet of nothing]

   It reduces the accuracy of all your attacks.
   It enhances your air magic.
   rElec:     It insulates you from electricity.
   Fly:       It grants you flight.
   RMsl:      It protects you from missiles.
Wands
 w - a wand of acid (11)
 I - a wand of paralysis (9)
 J - a wand of iceblast (24)
 K - a wand of polymorph (6)
 N - a wand of flame (26)
Scrolls
 c - a scroll of acquirement
 e - a scroll of summoning
 f - a scroll of blinking
 h - 3 scrolls of immolation
 q - a scroll of magic mapping
 t - 3 scrolls of teleportation
 u - 6 scrolls of enchant armour
 E - 2 scrolls of fog
 F - 3 scrolls of amnesia
 M - a scroll of noise
 P - a scroll of identify
 Q - 2 scrolls of fear
 R - a scroll of enchant weapon
Potions
 i - a potion of resistance {unknown}
 j - 3 potions of berserk rage
 k - 7 potions of curing
 n - 3 potions of mutation {unknown}
 r - a potion of flight {unknown}
 v - a potion of ambrosia {unknown}
 B - a potion of degeneration {unknown}
 C - 4 potions of haste {unknown}
 G - a potion of brilliance {unknown}
 T - a potion of invisibility {unknown}
 U - 2 potions of might


   Skills:
 - Level 3.6 Fighting
 - Level 20.0 Axes
 - Level 2.4 Armour
 - Level 2.1 Dodging
 + Level 9.2 Evocations


You had 11 spell levels left.
You didn't know any spells.
Your spell library was empty.

Dungeon Overview and Level Annotations

Branches:
Dungeon (12/15)            Temple (0/1) D:6            Lair (0/6) D:11
    Orc (0/2) D:11

Altars:
Wu Jian

Shops:
D:4 [   D:11 (

Annotations:
D:8 1 runed translucent door
D:12 Frances, Urug


Innate Abilities, Weirdness & Mutations

You have a pair of horns on your head.
You reflexively headbutt those who attack you in melee.


Message History

You hear a shout!
You hear a bellow! x2
The red ugly thing attacks as you move away!
The red ugly thing pecks you but does no damage.
You hit the red ugly thing but do no damage.
The red ugly thing is almost dead.
The red ugly thing closely misses you.
You barely miss the red ugly thing. You headbutt the red ugly thing.
The red ugly thing is almost dead.
You closely miss the red ugly thing.
You headbutt the red ugly thing, but do no damage.
The red ugly thing is almost dead.
The red ugly thing pecks you!
You are engulfed in flames!
You slash the red ugly thing!
You kill the red ugly thing!
Trog accepts your kill.
You see here a +0 flail.
Urug throws a javelin.
The javelin completely misses you.
You see here a komodo dragon skeleton.
You see here a +0 flail.
You slash Urug! Your headbutt misses Urug.
Urug is lightly wounded.
Urug hits you with a +2 double sword of protection!
You hit Urug.
Urug is lightly wounded.
Urug hits you with a +2 double sword of protection.
You slash Urug!
Urug is moderately wounded.
A red film seems to cover your vision as you go berserk!
You feel yourself moving faster!
You feel mighty!
Urug drinks a potion.
Urug seems to grow stronger.
You slash Urug!
Urug is heavily wounded.
Urug hits you with a +2 double sword of protection!!!
* * * LOW HITPOINT WARNING * * *
You barely miss Urug. Your headbutt misses Urug.
Urug is heavily wounded.
You hit Urug. Your headbutt misses Urug.
Urug is heavily wounded.
Urug hits you with a +2 double sword of protection!!!
You die...

#.#
#........##.
#.#
#.....(.....
#.#
#........###
#.# ##.......#
#.# ######..#
#.############
#..#
#..........#.o
...#
##########รท#.#
##.## #@#.# #.#
####o#.# ..
#.....#
#.##.#.# #
#.#.# #.#.#
#####.##.#.#
#.<.........
#..#####.###


You could see Urug (strong).

Vanquished Creatures
  Azrael (D:12)
  Harold (D:9)
  A two-headed ogre (D:8)
  A centaur warrior (D:10)
  3 ugly things
  Pikel (D:5)
  A manticore (D:11)
  2 unseen horrors
  A komodo dragon (D:12)
  2 gargoyles (D:12)
  Maggie (D:7)
  Grinder (D:5)
  2 trolls
  2 shadows
  Sigmund (D:4)
  A vampire (D:12)
  3 wraiths
  4 wyverns (D:11)
  11 yaks
  Grum (D:11)
  2 basilisks (D:11)
  3 steam dragons
  Menkaure (D:4)
  5 hell hounds
  5 water moccasins
  2 sky beasts (D:7)
  5 orc warriors
  6 black bears
  2 ice beasts
  An ogre (D:5)
  3 wolves (D:11)
  4 centaurs
  2 phantoms
  3 kobold brigands
  2 scorpions
  2 bullfrogs (D:7)
  A necrophage (D:5)
  3 wights (D:9)
  9 killer bees
  4 howler monkeys
  3 hounds
  Crazy Yiuf (D:5)
  5 jellies
  A gnoll shaman (D:5)
  8 orc priests
  3 iguanas
  6 orc wizards
  5 gnolls (D:5)
  6 adders
  A shadow imp (D:7)
  A white imp (D:7)
  2 worms
  8 dart slugs
  30 orcs
  8 ball pythons
  7 bats
  6 endoplasms
  5 giant cockroaches
  7 goblins
  9 hobgoblins
  7 jackals
  2 quokkas
  2 frilled lizards
  23 kobolds
  6 rats
268 creatures vanquished.

Vanquished Creatures (others)
  A bush (D:11)
  3 fungi (D:11)
  21 plants (D:11)
25 creatures vanquished.

Grand Total: 293 creatures vanquished

Notes
Turn   | Place    | Note
-------+----------+-------------------------------------------
     0 | D:1      | Dauddaud the Minotaur Berserker began the quest for the
                  | Orb.
     0 | D:1      | Reached XP level 1. HP: 19/19 MP: 0/0
    27 | D:1      | Reached skill level 4 in Axes
   286 | D:1      | Reached XP level 2. HP: 19/26 MP: 1/1
   720 | D:1      | Reached skill level 5 in Axes
   797 | D:1      | Reached ** piety under Trog
   880 | D:1      | Reached XP level 3. HP: 29/31 MP: 2/2
  1554 | D:2      | Found a faded altar of an unknown god.
  1588 | D:2      | Reached skill level 6 in Axes
  1588 | D:2      | Reached XP level 4. HP: 39/39 MP: 3/3
  2268 | D:3      | HP: 1/39 [orc priest/divine providence (13)]
  2274 | D:3      | Reached skill level 7 in Axes
  2274 | D:3      | Reached XP level 5. HP: 8/45 MP: 4/4
  3299 | D:3      | Reached *** piety under Trog
  3938 | D:4      | Noticed a phantom
  3952 | D:4      | Killed a phantom
  3953 | D:4      | Reached skill level 8 in Axes
  3953 | D:4      | Reached XP level 6. HP: 41/51 MP: 5/5
  4250 | D:4      | Noticed Sigmund
  4262 | D:4      | Killed Sigmund
  4263 | D:4      | Reached skill level 9 in Axes
  4496 | D:4      | Found Rimihem's Antique Armour Shop.
  4521 | D:4      | Bought an embroidered hat for 189 gold pieces
  4551 | D:4      | Reached XP level 7. HP: 57/57 MP: 6/6
  4617 | D:4      | Found an ornate altar of the Wu Jian Council.
  4652 | D:4      | Reached skill level 10 in Axes
  4920 | D:4      | Noticed Menkaure
  4928 | D:4      | Killed Menkaure
  4929 | D:4      | Reached skill level 11 in Axes
  5035 | D:5      | Entered Level 5 of the Dungeon
  5464 | D:5      | Noticed Grinder
  5473 | D:5      | Killed Grinder
  5474 | D:5      | Reached skill level 12 in Axes
  5474 | D:5      | Reached XP level 8. HP: 64/64 MP: 7/7
  5664 | D:5      | Noticed Pikel
  5673 | D:5      | Killed Pikel
  5674 | D:5      | Reached skill level 13 in Axes
  5801 | D:5      | Reached skill level 1 in Evocations
  5944 | D:5      | Noticed a troll
  5952 | D:5      | Killed a troll
  5953 | D:5      | Reached skill level 14 in Axes
  5953 | D:5      | Reached XP level 9. HP: 38/70 MP: 8/8
  6220 | D:5      | Found a runed translucent door.
  6221 | D:5      | Noticed Crazy Yiuf
  7113 | D:5      | Killed Crazy Yiuf
  7635 | D:6      | Found a staircase to the Ecumenical Temple.
  8466 | D:6      | Reached skill level 15 in Axes
  8790 | D:7      | Noticed Maggie
  8808 | D:7      | Killed Maggie
  9222 | D:7      | Reached skill level 16 in Axes
  9347 | D:7      | Reached XP level 10. HP: 77/77 MP: 9/9
  9885 | D:8      | Noticed a two-headed ogre
  9892 | D:8      | Killed a two-headed ogre
  9893 | D:8      | Reached skill level 5 in Evocations
 10004 | D:8      | Identified the +2 leather armour of Visk {rC- Will++ rCorr
                  | Str+3}
 10253 | D:8      | Reached **** piety under Trog
 11128 | D:8      | Noticed a manticore
 11129 | D:8      | Noticed a cane toad
 11129 | D:8      | Found a runed translucent door.
 11131 | D:8      | Identified the +8 scimitar of Malaise {antimagic, Str+6
                  | Stlth+}
 11131 | D:8      | Noticed a deep elf pyromancer
 11131 | D:8      | Noticed a manticore
 11131 | D:8      | Noticed an eight-headed hydra
 11310 | D:9      | Reached skill level 17 in Axes
 11609 | D:9      | Noticed Harold
 11620 | D:9      | Killed Harold
 12771 | D:10     | Entered Level 10 of the Dungeon
 12815 | D:10     | Reached skill level 18 in Axes
 12815 | D:10     | Reached XP level 11. HP: 73/82 MP: 10/10
 13018 | D:10     | Noticed a centaur warrior
 13035 | D:10     | Killed a centaur warrior
 13595 | D:11     | Noticed a green ugly thing
 13649 | D:11     | Killed a green ugly thing
 13963 | D:11     | Noticed Grum
 13972 | D:11     | Killed Grum
 14285 | D:11     | Reached skill level 19 in Axes
 14455 | D:11     | Found Miawn's Weapon Shoppe.
 14456 | D:11     | Found a staircase to the Orcish Mines.
 15365 | D:11     | Found a staircase to the Lair.
 15667 | D:12     | Noticed Frances
 15667 | D:12     | Noticed Urug
 15680 | D:11     | Identified a scroll of acquirement
 16071 | D:12     | Noticed a cyan ugly thing
 16077 | D:12     | Noticed Azrael
 16081 | D:12     | Killed a cyan ugly thing
 16590 | D:12     | Killed Azrael
 16842 | D:12     | Reached skill level 20 in Axes
 17036 | D:12     | Reached XP level 12. HP: 90/90 MP: 11/11
 17435 | D:12     | Demolished by Urug

Illustrated notes

Levels and vault maps discovered:
D:1:      scummos_arrival_simple_crosswalls, layout_loops_cross,
          minmay_misc_feat_cross, minmay_shallow_snake_nest
D:2:      layout_rooms, shapermc_ecumenical_altar_pompeii, kennysheep_boxes
D:3:      layout_basic
D:4:      black_bear_nest_1, layout_rooms, nicolae_wu_jian_wuxing_cycle,
          serial_shops, nicolae_square_shop, nicolae_elevator_lobby_asterisk,
          uniq_menkaure, uniq_sigmund
D:5:      layout_basic, uniq_crazy_yiuf_cottage, uniq_grinder, uniq_pikel
D:6:      layout_loops_ring, minmay_temple_entry_ruins
D:7:      layout_basic, grunt_ministairs_12, uniq_maggie
D:8:      minmay_gate_of_8, layout_loops_ring
D:9:      layout_basic, uniq_harold
D:10:     layout_roguey
D:11:     layout_loops_ring, minmay_lair_entry_grove, orc_david_3, uniq_grum
D:12:     layout_loops_ring, uniq_frances, uniq_azrael, uniq_erolcha, uniq_urug,
          uniq_rupert

Skill      XL: |  1  2  3  4  5  6  7  8  9 10 11 12 |
---------------+-------------------------------------+-----
Axes           | 4 5 6 7 8 9 12 14 16 18 20 | 20.0
Evocations     | 1 4 6 8 9 |  9.2
Fighting       | |  3.6
Armour         | |  2.4
Dodging        | |  2.1

Action                   |  1- 3 |  4- 6 |  7- 9 | 10-12 || total
-------------------------+-------+-------+-------+-------++-------
Melee: Hand axe          |    79 |       |       |       ||    79
       Headbutt          |     7 |    17 |    31 |    96 ||   151
       Battleaxe         |     2 |    99 |   199 |   372 ||   672
Invok: Trog's Hand       |       |     2 |     5 |     4 ||    11
       Berserk           |       |       |     1 |     6 ||     7
       Brothers in Arms  |       |       |       |     2 ||     2
  Use: Potion            |       |     1 |       |     4 ||     5
       Scroll            |       |       |       |    14 ||    14
Armor: Animal skin       |     2 |       |       |       ||     2
       Ring mail         |     7 |       |       |       ||     7
       Plate armour      |    30 |    74 |   151 |   160 ||   415
Dodge: Dodged            |    42 |    30 |    71 |    92 ||   235

Table legend: (Time is in decaauts)
 A = Elapsed time spent in this place.
 B = Non-inter-level travel time spent in this place.
 C = Inter-level travel time spent in this place.
 D = Time resting spent in this place.
 E = Time spent auto-exploring this place.
 F = Levels seen in this place.
 G = Mean time per level.
                   A        B        C        D        E       F      G
               +--------+--------+--------+--------+--------+-----+--------+
         Total |  17460 |  17030 |    430 |   7438 |   7878 |  12 | 1455.0 |
       Dungeon |  17460 |  17030 |    430 |   7438 |   7878 |  12 | 1455.0 |
               +--------+--------+--------+--------+--------+-----+--------+

Top non-repeatable levels by time:
    D:11: 2864 daAuts
     D:5: 2491 daAuts
     D:3: 1709 daAuts
     D:8: 1626 daAuts
     D:9: 1452 daAuts
     D:1: 1237 daAuts
     D:6: 1218 daAuts
     D:4: 1122 daAuts
     D:2: 1014 daAuts
    D:12: 989 daAuts
     D:7: 935 daAuts
    D:10: 798 daAuts
